Unix NetHack Version 5.0.0-0 post-release - last build Jun 10 2026 00:39:30 (3ee93aec679c4c4259841fe613dc97188e26a321,branch:main).

Game began 2026-06-15 10:29:30, ended 2026-06-15 11:17:50.

LDaviesPeters, neutral female human Archeologist

                                     -----------
                                     |.........|
                                     |.........|
                               ######.e......[..######
     ---------                 #     |.........|   #####    -----------
     |.......-"#################     |..........##   #######-.........|
     |<......|     #--------- ##     ---------.- #     ##   |....>....|
     |..{.....#    #|.......-###          #####  #          |.........|
     |.......|######-...{...|# )################ #          -----------
     |.`.....+###`##|.......|#  -.-------------# #
     ---------      |.......|#  |...."........|# #
                    ---------#  |.............|# #
                             ## |..'..........|# ##
                              ##|...@.........|#####`
                               #|....)........|    ##
                               #|.e...).......|     ####
                               #|..............######`##+
                               #..............|
                                ---------------

LDaviesPeters the Field Worker  St:17 Dx:10 Co:13 In:12 Wi:17 Ch:7  Neutral
Dlvl:4  $:0  HP:0(32) Pw:30(30) AC:9  Xp:5 T:4149 

Latest messages:
 The 2nd crossbow bolt misses you.
 You are hit by the 3rd crossbow bolt!
 The gnome lady shoots 3 crossbow bolts!
 You are hit by the 1st crossbow bolt!
 You are hit by the 2nd crossbow bolt.
 You are hit by the 3rd crossbow bolt.
 You lash the gnome lady!
 The gnome lady swings her crossbow.
 The gnome lady hits!
 You lash the gnome lady.
 You miss the gnome lady.
 You lash the gnome lady.
 You kill the gnome lady!
 The newt misses!
 You miss the newt.
 The newt bites!
 You kill the newt!
 You learn more about your items by comparing them.
 d - 2 uncursed food rations (6 in total).
 You kill the sewer rat!
 You hear the splashing of a naiad.
 You see here a crossbow bolt.
 You see here a crossbow bolt.
 Pick a monster, object or location.
 r        a rodent (sewer rat)
 You kill the sewer rat!
 You see here a sewer rat corpse.
 There is a sewer rat corpse here; eat it? [ynq] (n) y
 This sewer rat corpse is fatty.
 You finish eating the sewer rat corpse.
 What do you want to throw? [kqxy or ?*] k
 In what direction? 4
 The crude dagger misses the gas spore.
 What do you want to throw? [kqxy or ?*] k
 In what direction? 4
 The crude dagger hits the gas spore.
 What do you want to throw? [qxy or ?*] x
 In what direction? 4
 The dagger hits the gas spore.
 You see here a crossbow bolt.
 The newt bites!
 You kill the newt!
 You see here a newt corpse.
 The paper golem hits!
 You lash the paper golem.
 The paper golem hits!
 You lash the paper golem.
 The paper golem hits!
 You die...
 Do you want your possessions identified? [ynq] (y) q

Inventory:
 Weapons  (')')
  q - 13 +0 shuriken
  a - a +2 bullwhip (weapon in right hand)
  y - a +0 silver saber
 Armor    ('[')
  c - an uncursed +0 fedora (being worn)
  r - an uncursed +0 dwarvish cloak (being worn)
  h - an uncursed +0 leather jacket (being worn)
 Comestibles  ('%')
  d - 6 uncursed food rations
 Wands    ('/')
  s - a wand of stasis (0:2)
  A - a wand of striking (0:6)
  C - a wand of striking (0:4)
 Tools    ('(')
  b - an uncursed sack containing 7 items
  l - an uncursed magic lamp
  i - a magic marker (0:22)
  f - a tinning kit (0:36)
 Gems/Stones  ('*')
  j - 2 uncursed jasper stones
  g - an uncursed touchstone

Contents of the sack:
  148 gold pieces
  an uncursed scroll of enchant armor
  2 uncursed potions of healing
  an uncursed potion of restore ability
  a cursed potion of restore ability
  an uncursed potion of gain energy
  a +0 pick-axe

LDaviesPeters the Archeologist's attributes:

Background:
 You were a Field Worker, a level 5 female human Archeologist.
 You were neutral, on a mission for Camaxtli
 who was opposed by Quetzalcoatl (lawful) and Huhetotl (chaotic).
 You were right-handed.
 You were in the Dungeons of Doom, on level 4.
 You entered the dungeon 4149 turns ago.
 There was a new moon in effect when your adventure ended.
 You had 265 experience points, 55 more were needed to attain level 6.

Basics:
 You had 0 out of 32 hit points.
 You had all 30 energy points (spell power).
 Your armor class was 9.
 Your wallet was empty, but
 you had 148 zorkmids stashed away in your pack.
 Autopickup was off.

Final Characteristics:
 Your strength was 17 (limit:18/100).
 Your dexterity was 10 (limit:18).
 Your constitution was 13 (limit:18).
 Your intelligence was 12 (limit:18).
 Your wisdom was 17 (limit:18).
 Your charisma was 7 (limit:18).

Final Status:
 You weren't hungry.
 You were unencumbered.
 You were wielding a whip.
 You had basic skill with whip and could have enhanced that.

Final Attributes:
 You were piously aligned.
 Your items were somewhat protected from fire.
 Your items were somewhat protected from cold.
 You had automatic searching.
 You were stealthy.
 You were warded.
 You were lucky.
 You are dead.

Miscellaneous:
 You didn't encounter any bones levels.
 Total elapsed playing time was 48 minutes and 20 seconds.

Major events:
 Turn
    1: LDaviesPeters the neutral female human Archeologist entered the dungeon
  846: attained the rank of Field Worker (level 3)
 4149: killed by a paper golem

You didn't know any spells.

Skills:
 Fighting Skills
   bare handed combat [Unskilled]
   two weapon combat  [Unskilled]
   riding             [Unskilled]
 Weapon Skills
   dagger             [Unskilled]
   knife              [Unskilled]
   pick-axe           [Basic]
   short sword        [Unskilled]
   saber              [Unskilled]
   club               [Unskilled]
   quarterstaff       [Unskilled]
   sling              [Unskilled]
   dart               [Unskilled]
   boomerang          [Unskilled]
   whip               [Basic]
   unicorn horn       [Unskilled]
 Spellcasting Skills
   attack spells      [Unskilled]
   healing spells     [Unskilled]
   divination spells  [Unskilled]
   matter spells      [Unskilled]

Voluntary challenges:
 Character rerolling was not enabled.
 You never genocided any monsters.
 You never polymorphed an object.
 You never changed form.
 You used no wishes.
Achievements:
 You entered a shop.
 You attained the rank of Field Worker.

 The Dungeons of Doom: levels 1 to 6
    Level 1:
    Level 2:
       A weapon shop, many altars.
    Level 3:
       An altar.
    Level 4: <- You were here.
       Some fountains.
       Final resting place for
          you, killed by a paper golem.
    Level 5:
       A sink.
    Level 6:


Vanquished creatures:
  a human zombie
  a rock piercer
  a fog cloud
  a yellow light
  2 shriekers
  a gnome leader
  a little dog
  a floating eye
  a rothe
  3 dwarf zombies
  a werejackal
  2 acid blobs
  a gas spore
  a hobbit
  2 manes
  a hobgoblin
  2 cave spiders
  a yellow mold
  a garter snake
  3 gnome zombies
  2 geckos
 10 jackals
  a fox
  2 kobolds
  3 goblins
  6 sewer rats
  6 grid bugs
  2 bats
  7 lichens
  a kobold zombie
  5 newts
73 creatures vanquished.

No species were genocided or became extinct.

Game over:
                       ----------
                      /          \
                     /    REST    \
                    /      IN      \
                   /     PEACE      \
                  /                  \
                  |  LDaviesPeters   |
                  |      148 Au      |
                  |   killed by a    |
                  |   paper golem    |
                  |                  |
                  |                  |
                  |       2026       |
                 *|     *  *  *      | *
        _________)/\\_//(\/(/\)/\//\/|_)_______

Goodbye LDaviesPeters the Archeologist...

You died in The Dungeons of Doom on dungeon level 4 with 1444 points,
and 148 pieces of gold, after 4149 moves.
You were level 5 with a maximum of 32 hit points when you died.

